 Dungeon Crawl Stone Soup version 0.30-b1-2-g02819fbbbe (webtiles) character file.

Game seed: 15124441097835975728

18 redmage the Grasshopper (level 3, 0/29 HPs)
             Began as a Meteoran Warper on Aug 2, 2023.
             Was an Initiate of Cheibriados.
             Slain by a kobold
             ... wielding a +2 dagger of venom
              (2 damage)
             ... on level 4 of the Dungeon.
             The game lasted 00:08:48 (502 turns).

redmage the Grasshopper (Meteoran Warper)            Turns: 502, Time: 00:08:49

Health: 0/29       AC:  3    Str: 13    XL:     3   Next: 5%
Magic:  8/8        EV: 12    Int: 17    God:    Cheibriados [......]
Gold:   90         SH:  0    Dex: 15    Spells: 2/8 levels left

rFire   . . .        a - +0 falchion
rCold   . . .        (no shield)
rNeg    . . .        h - +1 robe "Ecsonox" {rElec Regen+}
rPois   .            (no helmet)
rElec   +            (no cloak)
rCorr   .            (no gloves)
SInv    .            (no boots)
Will    .....        j - amulet of magic regeneration
Stlth   +            (no ring)
HPRegen 1.04/turn    (no ring)
MPRegen 0.51/turn

%: no passive effects
@: lethally poisoned (0 -> -14), glowing, slow
A: sense surroundings 1, otherworldly, glowing, explore regen
a: Renounce Religion


You were on level 4 of the Dungeon.
You worshipped Cheibriados.
Cheibriados was noncommittal.
You visited 2 branches of the dungeon, and saw 6 of its levels.

You collected 90 gold pieces.

Inventory:

Hand Weapons
 a - a +0 falchion (weapon)
Missiles
 d - 7 boomerangs of dispersal (quivered)
 e - 4 poisoned darts
Armour
 h - the +1 robe "Ecsonox" (worn) {rElec Regen+}
   (You found it on level 4 of the Dungeon)

   rElec:     It insulates you from electricity.
   Regen:     It increases your rate of health regeneration.
Jewellery
 j - an amulet of magic regeneration (around neck)
Scrolls
 c - 3 scrolls of blinking
Potions
 f - a potion of haste
 g - a potion of might
 i - a potion of brilliance


   Skills:
 - Level 2.1 Fighting
 + Level 3.0 Long Blades
 - Level 1.2 Throwing
 - Level 1.2 Armour
 - Level 2.4 Dodging
 - Level 3.0 Spellcasting
 + Level 4.1 Translocations
 * Level 0.0 Air Magic


You had 2 spell levels left.
You knew the following spells:

 Your Spells              Type           Power      Damage    Failure   Level
a - Apportation           Tloc           32%        N/A       3%          1
b - Blink                 Tloc           32%        N/A       4%          2
c - Vhi's Electric Charg  Tloc/Air       18%        N/A       22%         3

Your spell library contained the following spells:

 Spells                   Type           Power      Damage    Failure   Level
 Lesser Beckoning         Tloc           32%        N/A       4%          2
 Teleport Other           Tloc           16%        N/A       10%         3
 Manifold Assault         Tloc           16%        N/A       32%         4
 Alistair's Intoxication  Tmut/Pois      1%         N/A       99%         5


Dungeon Overview and Level Annotations

Branches:
Dungeon (5/15) Zot: 3911   Temple (1/1) D:4 Zot: 746

Altars:
Cheibriados
Elyvilon
Fedhas
Kikubaaqudgha
Nemelex Xobeh
Qazlal
Ru
Vehumet
Xom
Yredelemnul


Innate Abilities, Weirdness & Mutations

You passively map a small area around you.
You are easily found by Zot.
You glow in the dark.
You regain HP and MP as you explore.


Message History

Okay, then.
As you read the scroll of identify, it crumbles to dust.
i - a potion of brilliance The kobold throws a stone.
The stone completely misses you.
The kobold brigand throws a poisoned dart.
The poisoned dart misses you.
A hound comes into view.
You barely miss the kobold.
Unknown command.
The kobold hits you with a +0 short sword.
The kobold closely misses you.
You climb upwards.
There is a stone staircase leading down here.
You closely miss the kobold.
The kobold hits you with a +2 dagger of venom.
You are poisoned.
The kobold closely misses you.
The kobold hits you with a +2 dagger of venom.
You are more poisoned.
The kobold hits you with a +0 short sword.
Unknown command.
You closely miss the kobold.
You feel very sick.
The kobold hits you with a +0 short sword.
The kobold hits you with a +2 dagger of venom.
You are more poisoned.
Unknown command.
You barely miss the kobold. Your punch misses the kobold.
You feel very sick.
The kobold hits you with a +2 dagger of venom.
* * * LOW HITPOINT WARNING * * *
You are more poisoned.
The kobold hits you but does no damage.
Unknown command.
Unknown command.
You closely miss the kobold.
* * * LOW HITPOINT WARNING * * *
You feel extremely sick.
The kobold hits you with a +2 dagger of venom.
You die...

#####..........#.#...#
#.........#.#.#..#
#....##..#.#.#.#.##
########..#.>.#....
#.#.#.#.#...
########..#.#.#..#.
#.....##...#.#.....
#..K.......).....#.
###.@..............#. *
#...K.####...........
.....#...##...#.>..#...#
###.......##...##.........##..
##.........##...##...#...#.# ..
##.......... #........#.#.#.#
.. #..........
*#............#.., #.........#
#....#...........
#.........####...##....#.......


You could see 2 kobolds.

Vanquished Creatures
  2 worms
  3 bats (D:3)
  A giant cockroach (D:2)
  A goblin (D:3)
  A hobgoblin (D:3)
  3 kobolds
  A frilled lizard (D:2)
12 creatures vanquished.

Notes
Turn   | Place    | Note
-------+----------+-------------------------------------------
     0 | D:1      | redmage the Meteoran Warper began the quest for the Orb.
     0 | D:1      | Reached XP level 1. HP: 17/17 MP: 5/5
    62 | D:2      | Learned a level 1 spell: Apportation
   130 | D:3      | Reached XP level 2. HP: 24/24 MP: 6/6
   136 | D:3      | Learned a level 2 spell: Blink
   181 | D:3      | Reached skill level 4 in Translocations
   245 | D:2      | Reached XP level 3. HP: 8/29 MP: 8/8
   287 | D:4      | Identified the +1 robe "Ecsonox" {rElec Regen+}
   303 | D:4      | Learned a level 3 spell: Vhi's Electric Charge
   325 | D:5      | Entered Level 5 of the Dungeon
   331 | D:4      | Found a staircase to the Ecumenical Temple.
   338 | Temple   | Entered the Ecumenical Temple
   404 | Temple   | Became a worshipper of Cheibriados the Contemplative
   494 | D:5      | Noticed a kobold brigand
   502 | D:4      | Slain by a kobold

Illustrated notes

Levels and vault maps discovered:
D:1:      heliophobic_arrival_ceremonial_halls, layout_rooms,
          shapermc_ecumenical_altar_mp_vishouse
D:2:      layout_basic
D:3:      kennysheep_six_static_rooms, layout_basic, serial_aquarium,
          aquarium_bridge_square [aquarium_subvault_wall,
          aquarium_subvault_bridge, aquarium_subvault_bridge,
          aquarium_subvault_wall], aquarium_window_1, aquarium_window_1,
          aquarium_window_1, aquarium_view_2c, aquarium_balcony_5b
D:4:      layout_rooms, mainiacjoe_overflow_24_doors, minmay_temple_entry_grid,
          amcnicky_mini_pool_small, minmay_manual_mess
D:5:      layout_cave_pools, grunt_decor_junction, kennysheep_generic_room_16
Temple:   regret_index_temple_generic_petals

Skill      XL: |  1  2 |
---------------+-------+-----
Spellcasting   | 3 |  3.0
Translocations | 4 |  4.1
Long Blades    | 3 |  3.0
Fighting       | |  2.1
Throwing       | |  1.2
Armour         | |  1.2
Dodging        | |  2.4

Action                     || total
---------------------------++-------
  Melee: Falchion          ||    53
   Cast: Apportation       ||     3
    Use: Scroll            ||     3
 Armour: Leather armour    ||    11
         Robe              ||     1
  Dodge: Dodged            ||    33
